 Dungeon Crawl Stone Soup version 0.29.0-13-gc9e81de378 (webtiles) character file.

Game seed: 15922765152480217801

9462 Ofeo the Fighter (level 11, -6/101 HPs)
             Began as a Minotaur Fighter on Sept 8, 2022.
             Was a High Priest of Okawaru.
             Mangled by a shadow (21 damage)
             ... on level 10 of the Dungeon.
             The game lasted 00:11:13 (12961 turns).

Ofeo the Fighter (Minotaur Fighter)                Turns: 12961, Time: 00:11:14

Health: -6/101     AC: 14    Str: 24    XL:     11   Next: 23%
Magic:  7/12       EV:  7    Int:  5    God:    Okawaru [*****.]
Gold:   470        SH:  6    Dex: 11    Spells: 10/10 levels left

rFire   . . .      SeeInvis .   F - +4 broad axe (flame)
rCold   . . .      Faith    +   c - +0 buckler
rNeg    . . .      Spirit   .   y - +0 plate armour
rPois   .          Reflect  .   (helmet restricted)
rElec   .          Harm     .   m - scarf {+Inv}
rCorr   .          Rampage  .   (no gloves)
Will    .....                   (no boots)
Stlth   ..........              l - amulet of faith
HPRegen 0.26/turn               (no ring)
MPRegen 0.13/turn               (no ring)

@: about to teleport
A: horns 2, retaliatory headbutt
a: Renounce Religion, Evoke Invisibility, Heroism, Finesse, Duel


You were on level 10 of the Dungeon.
You worshipped Okawaru.
Okawaru was extremely pleased with you.
You visited 2 branches of the dungeon, and saw 11 of its levels.

You collected 470 gold pieces.

Inventory:

Hand Weapons
 F - a +4 broad axe of flaming (weapon)
Missiles
 n - a throwing net (quivered)
 D - 3 curare-tipped darts
Armour
 b - a +1 scale mail
 c - a +0 buckler (worn)
 m - a scarf of invisibility (worn)
 u - a +0 chain mail
 y - a +0 plate armour (worn)
Jewellery
 e - a ring of protection from fire
 l - an amulet of faith (around neck)
 t - a ring of wizardry
 v - a ring of fire
Wands
 a - a wand of mindburst (1)
 o - a wand of roots (2)
 p - a wand of flame (3)
Scrolls
 f - a scroll of amnesia
 g - 3 scrolls of noise
 i - 4 scrolls of identify {@r1}
 k - a scroll of fog
 C - a scroll of poison {unknown}
Potions
 d - a potion of might {@q4}
 r - a potion of magic
 s - a potion of ambrosia {unknown}
 x - a potion of lignification {unknown}
 z - a potion of resistance {unknown}
 B - a potion of haste {unknown}
 E - a potion of flight


   Skills:
 + Level 10.5 Fighting
 + Level 10.2 Axes
 + Level 1.9 Throwing
 + Level 10.5 Armour
 + Level 10.5 Shields
 + Level 3.9 Invocations
 + Level 3.4 Evocations


You had 10 spell levels left.
You didn't know any spells.
Your spell library contained the following spells:

 Spells                   Type           Power      Damage    Failure   Level
 Sandblast                Erth           0%         2d4       100%        1
 Passwall                 Tmut/Erth      0%         N/A       100%        2
 Stone Arrow              Conj/Erth      0%         3d7       100%        3
 Cause Fear               Hex            0%         N/A       100%        4
 Dragon Form              Tmut           0%         N/A       100%        7
 Dragon's Call            Summ           Unusable   N/A       N/A         9

Dungeon Overview and Level Annotations

Branches:
Dungeon (10/15)            Temple (1/1) D:5
   Lair: D:8-11         Orc: D:9-12

Altars:
Ashenzari
Cheibriados
Dithmenos
Elyvilon
Gozag
Hepliaklqana
Kikubaaqudgha
Nemelex Xobeh
Okawaru
Qazlal
Ru
Sif Muna
Trog
Xom
Zin
The Shining One

Shops:
D:5 :


Innate Abilities, Weirdness & Mutations

You have a pair of horns on your head.
You reflexively headbutt those who attack you in melee.


Message History

Okawaru bids you farewell from the Arena.
You start resting.
You are returned from the Arena.
Welcome back to the Dungeon!
The kobold hits you but does no damage. The kobold brigand barely misses you.
There are monsters nearby!
There are monsters nearby!
The shadow slips into darkness.
The shadow flickers and vanishes!
Deactivating autopickup; reactivate with Ctrl-A.
The kobold brigand hits you with a +0 club.
* * * LOW HITPOINT WARNING * * *
You miss the kobold. The kobold hits you but does no damage.
You hit the kobold. You burn the kobold. Your headbutt misses the kobold.
The kobold is heavily wounded.
You hit something. You burn something.
The shadow strikes at you from the darkness!
You slice the kobold!! You burn the kobold.
You kill the kobold!
Okawaru accepts your kill.
You barely miss something.
The shadow strikes at you from the darkness!
* * * LOW HITPOINT WARNING * * *
Reactivating autopickup.
You take 22 damage, and have 3/101 hp.
MASSIVE DAMAGE!!
You feel better. The kobold closely misses you. The shadow hits you!
* * * LOW HITPOINT WARNING * * *
You regained 3 hp, and now have 6/101 hp.
You feel better. The kobold hits you but does no damage.
The shadow slips into darkness.
The shadow flickers and vanishes!
Deactivating autopickup; reactivate with Ctrl-A.
You regained 8 hp, and now have 14/101 hp.
Unknown command.
As you read the scroll of teleportation {@r3}, it crumbles to dust.
You feel strangely unstable. You block the kobold's attack.
The shadow strikes at you from the darkness!
You feel like a meek peon again.
The shadow strikes at you from the darkness!
You die...

#########.............
######......##.............
..(.........'..............
...........)#####8###8###⌠#
PPPPPPP.....)).#### #######
........##.###.#.# ###.###
P.PPP.P..#.###...# #.#....
P.....P..#.#...######......
P.._..P..{@+...+...........
P........#K#...######.#####
P.PPP...##K#...# #.# #..
.......{).K#...######.# #.#
PPPPP.P.##...(.....##.# #[#
.........#.........##'###..
.....#.#K#.................
...#.#K .##########........
.... #. .# #........


You could see a kobold brigand and 2 kobolds.

Vanquished Creatures
  Snorg (D:10)
  Erolcha (Arena)
  2 trolls
  21 yaks
  A steam dragon (D:7)
  2 acid dragons
  3 water moccasins
  5 orc warriors
  3 black bears
  3 sky beasts (D:7)
  5 ogres
  3 centaurs (D:8)
  A kobold brigand (D:8)
  3 bullfrogs
  2 necrophages
  3 scorpions
  5 wights (D:8)
  13 killer bees
  An electric eel (D:6)
  3 hounds
  10 orc priests
  2 jellies
  5 iguanas
  9 orc wizards
  A gnoll (D:5)
  5 adders
  A white imp (D:7)
  An ufetubus (D:6)
  2 worms
  42 orcs
  2 bats
  3 endoplasms
  3 giant cockroaches
  5 goblins
  3 hobgoblins
  2 jackals (D:4)
  3 quokkas
  2 ball pythons (D:4)
  9 frilled lizards
  7 kobolds
  2 rats
200 creatures vanquished.

Vanquished Creatures (others)
  An orc wizard (D:8)
  3 fungi (D:10)
  5 plants (D:6)
9 creatures vanquished.

Grand Total: 209 creatures vanquished

Notes
Turn   | Place    | Note
-------+----------+-------------------------------------------
     0 | D:1      | Ofeo the Minotaur Fighter began the quest for the Orb.
     0 | D:1      | Reached XP level 1. HP: 19/19 MP: 0/0
   319 | D:2      | Reached XP level 2. HP: 26/27 MP: 1/1
   677 | D:3      | Reached XP level 3. HP: 29/33 MP: 2/2
   800 | D:4      | Found an opulent altar of Gozag.
   807 | D:4      | Reached XP level 4. HP: 12/41 MP: 3/3
  1241 | D:5      | Entered Level 5 of the Dungeon
  1674 | D:4      | Found a shimmering blue altar of Sif Muna.
  1891 | D:5      | Reached XP level 5. HP: 47/47 MP: 4/4
  1916 | D:5      | Reached skill level 5 in Shields
  2278 | D:5      | Reached skill level 5 in Fighting
  2278 | D:5      | Reached skill level 5 in Armour
  2278 | D:5      | Reached XP level 6. HP: 47/56 MP: 5/5
  2278 | D:5      | Found a staircase to the Ecumenical Temple.
  2294 | Temple   | Entered the Ecumenical Temple
  2545 | D:5      | Found a stormy altar of Qazlal.
  2758 | D:5      | Reached skill level 5 in Axes
  2758 | D:5      | Reached XP level 7. HP: 35/62 MP: 6/6
  2944 | D:5      | Found an iron altar of Okawaru.
  2953 | D:5      | Became a worshipper of Warmaster Okawaru
  3021 | D:5      | Found Ditaceso's Vocational Training.
  4309 | D:6      | Reached XP level 8. HP: 53/71 MP: 7/7
  4421 | D:6      | Reached * piety under Okawaru
  5652 | D:6      | Found a white marble altar of Elyvilon.
  6691 | D:7      | Reached ** piety under Okawaru
  6784 | D:7      | Reached XP level 9. HP: 35/81 MP: 8/8
  7536 | D:8      | Reached *** piety under Okawaru
  8701 | D:8      | Reached **** piety under Okawaru
  8720 | D:8      | Reached XP level 10. HP: 11/91 MP: 9/9
 10220 | D:8      | Reached skill level 1 in Invocations
 10220 | D:8      | Reached skill level 1 in Evocations
 10958 | D:9      | Found a broken altar of Ashenzari.
 11001 | D:9      | Reached ***** piety under Okawaru
 11390 | D:9      | Reached skill level 10 in Fighting
 11390 | D:9      | Reached skill level 10 in Shields
 11393 | D:9      | Reached skill level 10 in Armour
 11784 | D:9      | Identified the +1 leather armour "Abaw" {Rampage rElec
                  | Int-2 Slay+2}
 11858 | D:10     | Entered Level 10 of the Dungeon
 11886 | D:10     | Received a gift from Okawaru
 12060 | D:10     | Noticed Snorg
 12070 | D:10     | Killed Snorg
 12071 | D:10     | Reached skill level 10 in Axes
 12208 | D:10     | Reached skill level 1 in Throwing
 12339 | D:10     | Found a bloodstained altar of Trog.
 12382 | D:10     | Reached XP level 11. HP: 68/101 MP: 12/12
 12588 | D:10     | Received a gift from Okawaru
 12921 | D:10     | Noticed Erolcha
 12929 | Arena    | Entered the Arena
 12934 | Arena    | Killed Erolcha
 12957 | D:10     | HP: 3/101 [something (23)]
 12961 | D:10     | Mangled by a shadow

Illustrated notes

Levels and vault maps discovered:
D:1:      minmay_arrival_widening_spiral_wide, layout_loops_ring, serial_forest,
          infiniplex_forest_clump_medium, infiniplex_forest_lined_2,
          infiniplex_forest_clump_tiny, infiniplex_forest_lined_corner,
          infiniplex_forest_clump_curved, infiniplex_forest_end_double,
          infiniplex_forest_clump_small, infiniplex_forest_straight_4,
          serial_shops, shop, chequers_serial_rivers_marsh
D:2:      layout_basic, dreamdust_ecumenical_altar_statues
D:3:      layout_basic, lemuel_doored_altar, minitemple, kennysheep_path_1
D:4:      layout_cave_pools, nicolae_sif_muna_little_library,
          grunt_gozag_breadcrumbs
D:5:      minmay_recursive_quarters, layout_basic, okawaru_altar_gauntlet_db,
          grunt_qazlal_clouds, minmay_temple_entry_nine_rooms,
          nicolae_shop_vocational
D:6:      layout_basic, nicolae_elyvilon_temple_path, minmay_lizard_king
D:7:      layout_basic
D:8:      layout_loops_ring, special_room [special_room_orc]
D:9:      layout_big_octagon, nicolae_ashenzari_panopticon
D:10:     layout_basic, mainiacjoe_overflow_cross_hatched,
          corexii_hall_statues_t, uniq_snorg, uniq_erolcha, uniq_joseph
Temple:   hellmonk_temple_rainy

Skill      XL: |  1  2  3  4  5  6  7  8  9 10 |
---------------+-------------------------------+-----
Shields        | 4 5 6 7 9 10 | 10.5
Fighting       | 4 5 6 7 9 10 | 10.5
Armour         | 4 5 6 7 9 10 | 10.5
Axes           | 3 4 5 6 7 9 10 | 10.2
Invocations    | 3 |  3.9
Evocations     | 3 |  3.4
Throwing       | 1 |  1.9

Action                   |  1- 3 |  4- 6 |  7- 9 | 10-12 || total
-------------------------+-------+-------+-------+-------++-------
Melee: War axe           |    51 |    56 |   312 |   242 ||   661
       Headbutt          |     4 |    10 |    58 |    62 ||   134
       Broad axe         |       |       |       |     6 ||     6
Invok: Heroism           |       |       |       |     5 ||     5
       Duel              |       |       |       |     1 ||     1
 Abil: Evoke Invisibilit |       |       |       |     1 ||     1
Evoke: Wand              |       |       |       |     3 ||     3
  Use: Potion            |       |     3 |     7 |     4 ||    14
       Scroll            |       |     2 |     3 |     9 ||    14
 Stab: Invisible         |       |       |     3 |     2 ||     5
Armor: Scale mail        |    19 |    34 |   120 |       ||   173
       Chain mail        |       |       |    26 |    12 ||    38
       Plate armour      |       |       |       |    84 ||    84
Dodge: Dodged            |    29 |    29 |   126 |    80 ||   264
Block: Buckler           |     9 |     9 |    69 |    78 ||   165
